 Dungeon Crawl Stone Soup version 0.23.2-1-ga50397a (webtiles) character file.

Game seed: 15957639119241696850

383630 dvd the Sorcerer (level 21, 0/99 HPs)
             Began as a Deep Elf Venom Mage on May 1, 2019.
             Was the Champion of Vehumet.
             Slain by a jiangshi (17 damage)
             ... led by a vampire mage
             ... on level 1 of the Crypt on May 2, 2019.
             The game lasted 04:51:19 (49361 turns).

dvd the Sorcerer (Deep Elf Venom Mage)             Turns: 49361, Time: 04:51:21

Health: 0/99       AC: 17    Str: 23    XL:     21   Next: 95%
Magic:  24/55      EV: 14    Int: 43    God:    Vehumet [******]
Gold:   3908       SH: 26    Dex: 20    Spells: 1/67 levels left

rFire    + . .     SeeInvis +   s - +7 morningstar of Amorality {vamp, rF- rC+++ Int+4 Dex+3}
rCold    + + +     Gourm    .   l - +8 large shield {reflect}
rNeg     . . .     Faith    +   B - +3 ring mail "Ulisest" {rPois Str+2 Int+4}
rPois    +         Spirit   .   w - +2 hat {SInv}
rElec    +         Reflect  +   d - scarf {rC+ rF+}
rCorr    .         Harm     .   y - +2 pair of gloves of Kaeqesith {+Inv Str+7}
MR       ++++.                  I - +2 pair of boots
Stlth    ++++......             i - amulet of Lady Luck {Faith Str+7 Int+4 Slay+2}
HPRegen  1.26/turn              F - ring of wizardry
MPRegen  0.34/turn              j - ring of Yfaez {Fire MR++ MP+9 Str+2}

@: about to teleport, mesmerised, very slightly contaminated, regenerating,
studying Evocations, deflect missiles
A: agile 1, frail 1, low mp 1, electricity resistance, no potion heal 1,
MP-powered wands
}: 2/15 runes: decaying, gossamer
a: Renounce Religion, Evoke Invisibility


You were on level 1 of the Crypt.
You worshipped Vehumet.
Vehumet was exalted by your worship.
You were not hungry.

You visited 10 branches of the dungeon, and saw 41 of its levels.
You also visited: Gauntlet.

You collected 5041 gold pieces.
You spent 1133 gold pieces at shops.

Inventory:

Hand Weapons
 s - the +7 morningstar of Amorality (weapon) {vamp, rF- rC+++ Int+4 Dex+3}
   (You took it off a deep elf high priest on level 3 of the Elven Halls)

   It inflicts no extra harm, but heals its wielder when it wounds a living foe.
   It affects your intelligence (+4).
   It affects your dexterity (+3).
   It makes you vulnerable to fire.
   It renders you almost immune to cold.
 Q - the +10 morningstar of Rifoblo {crush, +Rage MP+9 Str+2 Stlth+}
   (You took it off a deep elf death mage on level 3 of the Elven Halls)

   It inflicts extra damage upon your enemies.
   It affects your strength (+2).
   It affects your magic capacity (+9).
   It lets you go berserk.
   It makes you more stealthy.
Armour
 d - a scarf of resistance (worn)
 l - a +8 large shield of reflection (worn)
 w - a +2 hat of see invisible (worn)
 y - the +2 pair of gloves of Kaeqesith (worn) {+Inv Str+7}
   (You found it on level 10 of the Dungeon)

   It affects your strength (+7).
   It lets you turn invisible.
 B - the +3 ring mail "Ulisest" (worn) {rPois Str+2 Int+4}
   (You found it in a Gauntlet)

   It affects your strength (+2).
   It affects your intelligence (+4).
   It protects you from poison.
 I - a +2 pair of boots (worn)
Magical Staves
 a - an uncursed staff of poison
Jewellery
 i - the amulet of Lady Luck (around neck) {Faith Str+7 Int+4 Slay+2}
   (You acquired it on level 1 of the Spider Nest)

   [amulet of faith]

   It allows you to gain divine favour quickly.
   It affects your strength (+7).
   It affects your intelligence (+4).
   It affects your accuracy and damage with ranged weapons and melee attacks
   (+2).
 j - the ring of Yfaez (right hand) {Fire MR++ MP+9 Str+2}
   (You found it in a Gauntlet)

   [ring of fire]

   It enhances your fire magic.
   It affects your strength (+2).
   It protects you from fire.
   It makes you vulnerable to cold.
   It affects your resistance to hostile enchantments.
   It affects your magic capacity (+9).
 v - a +5 ring of strength
 C - an uncursed ring of protection from cold
 F - a ring of wizardry (left hand)
 W - the amulet "Yrphoz" {rPois Regen+}
   (You took it off a deep elf high priest on level 3 of the Elven Halls)

   [amulet of regeneration]

   It protects you from poison.
   It increases your rate of regeneration.
Wands
 e - a wand of paralysis (8)
 D - a wand of acid (3)
 E - a wand of iceblast (24)
 N - a wand of flame (29)
 P - a wand of clouds (12)
 S - a wand of polymorph (47)
 U - a wand of digging (5)
 Z - a wand of scattershot (3)
Scrolls
 b - 28 scrolls of identify
 f - 3 scrolls of silence
 h - 19 scrolls of remove curse
 o - 8 scrolls of immolation
 p - 7 scrolls of teleportation
 u - a scroll of blinking
 G - 4 scrolls of magic mapping
 M - 4 scrolls of fear
 O - 6 scrolls of amnesia
 T - 3 scrolls of fog
 V - a scroll of holy word
 Y - a scroll of summoning
Potions
 m - 10 potions of flight
 n - 7 potions of curing
 q - 2 potions of mutation
 r - 6 potions of lignification
 t - 4 potions of agility
 x - 6 potions of heal wounds
 A - 3 potions of magic
 H - a potion of resistance
 J - 3 potions of haste
 K - 2 potions of invisibility
 L - 5 potions of ambrosia
 R - a potion of might
 X - 2 potions of brilliance
Books
 k - a manual of Evocations
Miscellaneous
 z - a crystal ball of energy
Comestibles
 c - 51 rations


   Skills:
 + Level 5.2 Fighting
   Level 1.0 Short Blades
 + Level 7.2 Maces & Flails
 + Level 1.2(6.0) Staves
 + Level 5.4 Armour
 + Level 7.8 Dodging
 + Level 8.2 Stealth
 * Level 9.4 Shields
 + Level 23.9 Spellcasting
 * Level 11.6 Conjurations
 + Level 5.3 Hexes
 + Level 9.1 Charms
 + Level 3.2 Necromancy
 + Level 1.5 Translocations
 + Level 10.6 Transmutations
 + Level 10.1 Fire Magic
 + Level 1.8 Ice Magic
 * Level 12.0 Air Magic
 + Level 5.7 Earth Magic
 + Level 17.7 Poison Magic
 * Level 15.0 Evocations


You had one spell level left.
You knew the following spells:

 Your Spells              Type           Power        Failure   Level  Hunger
a - Ignite Poison         Fire/Tmut/Pois ########     1%          3    None
b - Fireball              Conj/Fire      ########..   1%          5    None
c - Chain Lightning       Conj/Air       ########..   21%         8    None
d - Olgreb's Toxic Radia  Pois           ########     1%          4    None
e - Iron Shot             Conj/Erth      #######...   2%          6    None
f - Dispel Undead         Necr           ######..     12%         5    None
g - Confuse               Hex            #######.     1%          3    None
h - Lightning Bolt        Conj/Air       ########..   1%          5    None
i - Irradiate             Conj/Tmut      #######...   1%          5    None
j - Blink                 Tloc           N/A          1%          2    None
k - Freezing Cloud        Conj/Ice/Air   #######...   2%          6    None
l - Regeneration          Chrm/Necr      #######...   1%          3    None
m - Deflect Missiles      Chrm/Air       #######...   3%          6    None
n - Yara's Violent Unrav  Hex/Tmut       #######...   1%          5    None

Your spell library contained the following spells:

 Spells                   Type           Power        Failure   Level  Hunger
 Tornado                  Air            ########..   89%         9    None
 Fire Storm               Conj/Fire      ########..   96%         9    None
 Sting                    Conj/Pois      ####         0%          1    None
 Confusing Touch          Hex            ######       1%          1    None
 Infusion                 Chrm           ####         1%          1    None
 Magic Dart               Conj           ####         1%          1    None
 Pain                     Necr           ####         1%          1    None
 Sandblast                Erth           ######       1%          1    None
 Summon Small Mammal      Summ           ####         1%          1    None
 Poisonous Vapours        Pois/Air       ######       0%          2    None
 Corpse Rot               Necr           N/A          1%          2    None
 Ensorcelled Hibernation  Hex/Ice        ######       1%          2    None
 Shroud of Golubria       Chrm/Tloc      #######...   1%          2    None
 Slow                     Hex            #######.     1%          2    None
 Song of Slaying          Chrm           #######.     1%          2    None
 Sublimation of Blood     Necr           ######....   1%          2    None
 Throw Frost              Conj/Ice       ######       1%          2    None
 Conjure Flame            Conj/Fire      ########     1%          3    None
 Inner Flame              Hex/Fire       ########     1%          3    None
 Mephitic Cloud           Conj/Pois/Air  ########     1%          3    None
 Ozocubu's Armour         Chrm/Ice       #######.     1%          3    None
 Portal Projectile        Hex/Tloc       ######       1%          3    None
 Spectral Weapon          Hex/Chrm       #######.     1%          3    None
 Stone Arrow              Conj/Erth      ######       1%          3    None
 Summon Guardian Golem    Hex/Summ       ######..     1%          3    None
 Cause Fear               Hex            #######...   1%          4    None
 Force Lance              Conj/Tloc      #######.     1%          4    None
 Leda's Liquefaction      Hex/Erth       #######...   1%          4    None
 Petrify                  Tmut/Erth      #######.     1%          4    None
 Summon Lightning Spire   Summ/Air       #######.     1%          4    None
 Alistair's Intoxication  Tmut/Pois      ########     1%          5    None
 Bolt of Draining         Conj/Necr      #######...   1%          5    None
 Bolt of Magma            Conj/Fire/Erth ########..   1%          5    None
 Silence                  Hex/Air        #######...   1%          5    None
 Venom Bolt               Conj/Pois      ########..   1%          5    None
 Call Imp                 Summ           ######..     2%          2    None
 Gell's Gravitas          Tloc           ######....   2%          3    None
 Lesser Beckoning         Tloc           ######....   2%          3    None
 Teleport Other           Tloc           ######..     2%          3    None
 Excruciating Wounds      Chrm/Necr      #######...   3%          5    None
 Hydra Form               Tmut           #######...   3%          6    None
 Call Canine Familiar     Summ           ######..     4%          3    None
 Borgnjor's Vile Clutch   Necr/Erth      ######....   7%          5    None
 Passage of Golubria      Tloc           N/A          9%          4    None
 Statue Form              Tmut/Erth      #######..    9%          6    None
 Metabolic Englaciation   Hex/Ice        ######....   10%         5    None
 Summon Ice Beast         Ice/Summ       ######..     11%         4    None
 Agony                    Necr           ######..     12%         5    None
 Dragon Form              Tmut           #######...   16%         7    None
 Summon Forest            Summ/Tloc      ######....   32%         5    None
 Summon Hydra             Summ           ######....   100%        7    None
 Discord                  Hex            #######...   100%        8    None
 Shatter                  Erth           #######...   100%        9    None


Dungeon Overview and Level Annotations

Branches:
Dungeon (15/15)            Temple (1/1) D:6            Lair (6/6) D:10
  Swamp (4/4) Lair:3       Spider (4/4) Lair:4        Slime (0/5) Lair:6
    Orc (2/2) D:10            Elf (3/3) Orc:2        Vaults (4/5) D:13
  Crypt (1/3) Vaults:2     Depths (1/5) D:15

Altars:
Ashenzari
Cheibriados
Dithmenos
Elyvilon
Fedhas
Gozag
Hepliaklqana
Kikubaaqudgha
Makhleb
Nemelex Xobeh
Okawaru
Qazlal
Ru
Sif Muna
Trog
Uskayaw
Vehumet
Wu Jian
Xom
Yredelemnul
Zin
The Shining One
Beogh
Jiyva

Shops:
Orc:2 =[([   Elf:1 :   Vaults:1 %[   Vaults:2 [%   Depths:1 [%

Portals:
Hell: Depths:1
Abyss: Depths:1

Annotations:
Elf:2 2 runed translucent doors, whitenoisemaker's ghost, adept DrCj
Vaults:2 3 runed translucent doors, 2 exclusions, Kare Xaoge's ghost, adept DgTm
Vaults:3 3 runed translucent doors, Lianjan's ghost, adept GnWr
Vaults:4 3 runed translucent doors, casual's ghost, veteran MiMo
Crypt:1 Jory


Innate Abilities, Weirdness & Mutations

You are agile. (Dex +2)
You are frail. (-10% HP)
Your magical capacity is low. (-10% MP)
You are resistant to electric shocks. (rElec)
Potions are less effective at restoring your health.
You expend magic power (3 MP) to strengthen your wands.


Message History

The jiangshi claws you but does no damage.
The jiangshi claws you!!
* * * LOW HITPOINT WARNING * * *
The jiangshi draws strength from your injuries!
Unknown command.
Your system partially rejects the healing.
You feel much better.
The jiangshi claws you but does no damage.
You block the jiangshi's attack.
Jory casts a spell.
Jory draws you further into his thrall.
Unknown command.
Unknown command.
As you read the scroll of teleportation, it crumbles to dust.
You feel strangely unstable. You block the jiangshi's attack. x2
The jiangshi claws you.
* * * LOW HITPOINT WARNING * * *
The jiangshi draws strength from your injuries!
The jiangshi claws you!
You die...

....... #....... #.......
........##.....# #####.######
........##..>..# #...........
........##.....# #.###.######
........##.....###.#.........
...................#.........
..........†.[...####.........
................####.........
........V..V@.....##........#
...........V...##^#.........#
.....%............#.........#
########........###.#####)###
###.####)# #.# #.# #.# #.#
..# #.###.#####.#
#######...#.....#)#
#.....#####...###


You could see Jory and 2 jiangshi.

Vanquished Creatures
  Boris (Crypt:1)
  Saint Roka (Orc:2)
  Arachne (Spider:3)
  A lich (Vaults:3)
  Rupert (Spider:1)
  2 deep elf master archers (Elf:3)
  3 deep elf blademasters
  Gastronok (D:8)
  2 thorn hunters (Swamp:4)
  Kirke (Swamp:1)
  A frost giant (Vaults:4)
  A tengu reaver (Vaults:2)
  Roxanne (D:14)
  A fire giant (Depths:1)
  Aizul (Elf:2)
  A ghost moth (Spider:4)
  5 deep elf sorcerers
  9 emperor scorpions
  5 vault wardens
  2 ghouls
  3 deep elf elementalists (Elf:3)
  12 ironheart preservers
  7 stone giants
  4 entropy weavers
  Azrael (D:13)
  Nessos (D:12)
  5 deep elf demonologists (Elf:3)
  3 minotaurs
  9 deep elf annihilators
  A spark wasp (Spider:4)
  An eidolon (Crypt:1)
  Snorg (Orc:2)
  A crystal guardian (Vaults:3)
  2 ettins (Depths:1)
  10 deep elf death magi
  A jiangshi (Crypt:1)
  7 fire dragons
  3 deep elf high priests (Elf:3)
  3 yaktaur captains
  Josephine (Lair:6)
  A great orb of eyes (Vaults:3)
  The ghost of diana the Severer, a journeyman MiBe of Trog (D:9)
  19 hydras
  11 vault guards
  2 rakshasas (Depths:1)
  2 centaur warriors (Depths:1)
  3 ice dragons
  A ghost crab (Swamp:4)
  30 two-headed ogres
  9 ogre magi
  3 shambling mangroves
  2 death knights (Vaults:2)
  2 tengu warriors
  3 vampire magi
  15 alligators
  10 death yaks
  2 deep troll shamans (Vaults:3)
  25 dancing weapons
  2 orc high priests (Orc:2)
  A deep troll earth mage (Depths:1)
  22 deep elf knights
  Sonja (Lair:6)
  3 shadow wraiths
  9 deep trolls
  A swamp dragon (shapeshifter) (D:15)
  A wizard (Vaults:1)
  3 spriggan druids
  7 skeletal warriors
  7 swamp dragons
  5 lindwurms
  2 flayed ghosts
  2 glowing orange brains
  15 deep elf archers
  2 wolf spider zombies
  19 orc knights
  73 deep elf magi
  A harpy (Vaults:1)
  3 phantasmal warriors (Crypt:1)
  15 ironbrand convokers
  21 orb spiders
  9 necromancers
  A shadow dragon skeleton (Vaults:4)
  8 orc sorcerers
  A cyclops (Vaults:2)
  30 ugly things
  A sphinx skeleton (Vaults:3)
  2 manticores
  41 wolf spiders
  3 moths of wrath
  10 vault sentinels
  4 black mambas
  5 centaur zombies
  A fire giant skeleton (Vaults:3)
  An elephant (Lair:6)
  A naga mage (D:15)
  3 torpor snails
  A rime drake (shapeshifter) (Elf:1)
  14 spiny frogs
  A white draconian zombie (Crypt:1)
  12 komodo dragons
  4 rime drakes
  8 freezing wraiths
  37 yaktaurs
  4 tengu conjurers
  An ice devil (Gauntlet)
  7 demonic crawlers
  9 trolls
  11 tyrant leeches
  6 meliai
  A polar bear (shapeshifter) (Vaults:3)
  A queen bee (Spider:1)
  A jumping spider (shapeshifter) (Vaults:4)
  24 jumping spiders
  A polar bear (Lair:6)
  Prince Ribbit (D:7)
  14 hornets
  An alligator zombie (Crypt:1)
  5 bog bodies
  41 slime creatures
  11 hippogriffs
  8 blink frogs
  A human simulacrum (Vaults:4)
  9 spriggans
  35 tarantellas
  87 redbacks
  2 vampires
  4 water elementals
  A spriggan (shapeshifter) (Depths:1)
  2 air elementals
  4 shadows
  11 wraiths
  A tarantella (shapeshifter) (D:12)
  A hog (shapeshifter) (D:15)
  2 humans (D:13)
  5 hogs (Swamp:1)
  11 large abominations
  65 yaks
  3 wyverns
  2 basilisks
  4 fire elementals
  4 hungry ghosts
  3 chaos spawn (Depths:1)
  Grum (D:8)
  3 vampire mosquitoes (D:13)
  A yaktaur simulacrum (Vaults:2)
  4 steam dragons
  12 wargs
  21 swamp worms
  A soldier ant (D:10)
  4 acid dragons
  A hell hound (D:13)
  6 porcupines
  5 water moccasins
  A deep troll skeleton (Vaults:3)
  66 orc warriors
  4 ice beasts
  13 swamp drakes
  3 human zombies
  5 sky beasts
  4 black bears
  2 eyes of draining (D:13)
  An ettin simulacrum (Vaults:2)
  3 necrophages (Crypt:1)
  A phantom (D:13)
  An ogre (shapeshifter) (D:15)
  30 ogres
  8 boggarts
  12 crocodiles
  12 centaurs
  19 wolves
  A lindwurm skeleton (Crypt:1)
  An elf zombie (Elf:1)
  2 big kobolds
  24 bullfrogs
  3 earth elementals
  3 human skeletons
  A wyvern skeleton (D:14)
  4 small abominations (Depths:1)
  3 scorpions
  10 jellies
  17 killer bees
  6 electric eels
  4 howler monkeys
  7 crimson imps
  10 hounds
  3 bullfrog zombies
  44 orc priests
  5 centaur skeletons
  A gnoll shaman (D:8)
  44 orc wizards
  Jessica (D:3)
  6 iguanas
  11 worker ants
  A crocodile skeleton (Crypt:1)
  2 hound skeletons
  2 worker ant zombies
  Robin (D:2)
  15 gnolls
  12 adders
  5 shadow imps
  7 oozes
  A halfling skeleton (Crypt:1)
  4 adder skeletons
  3 worms
  A dart slug (D:2)
  5 leopard geckos
  149 orcs
  A giant cockroach (D:4)
  18 goblins
  10 hobgoblins
  2 jackals (D:8)
  4 quokkas
  3 bats
  3 frilled lizards
  2 jackal zombies (D:5)
  18 kobolds
  A quokka zombie (D:5)
  5 rats
  6 briar patches (Swamp:4)
  5 plants
1816 creatures vanquished.

Vanquished Creatures (others)
  A vault warden (Vaults:3)
  2 stone giants (Vaults:4)
  3 yaktaur captains
  A centaur warrior (Vaults:1)
  A deep elf mage (Elf:2)
  5 yaktaurs
  A porcupine (Lair:2)
  A centaur (Depths:1)
  A soldier ant zombie (Crypt:1)
  3 demonic plants (Gauntlet)
  16 fungi
  19 plants
54 creatures vanquished.

Grand Total: 1870 creatures vanquished

Notes
Turn   | Place    | Note
-------+----------+-------------------------------------------
     0 | D:1      | dvd the Deep Elf Venom Mage began the quest for the Orb.
     0 | D:1      | Reached XP level 1. HP: 10/10 MP: 6/6
   576 | D:1      | Reached XP level 2. HP: 15/15 MP: 4/8
   584 | D:1      | Learned a level 2 spell: Poisonous Vapours
  1216 | D:2      | Noticed Robin
  1231 | D:2      | Killed Robin
  1302 | D:2      | Reached XP level 3. HP: 19/19 MP: 6/9
  1837 | D:2      | Reached XP level 4. HP: 24/24 MP: 5/11
  1989 | D:2      | Learned a level 3 spell: Mephitic Cloud
  1994 | D:2      | Learned a level 4 spell: Olgreb's Toxic Radiance
  2253 | D:2      | Reached skill level 4 in Spellcasting
  2579 | D:3      | Noticed Jessica
  2581 | D:3      | Killed Jessica
  2612 | D:3      | Reached skill level 1 in Air Magic
  3064 | D:4      | Reached skill level 1 in Fighting
  3064 | D:4      | Reached XP level 5. HP: 24/29 MP: 4/13
  3320 | D:4      | Reached XP level 6. HP: 28/34 MP: 12/15
  3787 | D:4      | Reached skill level 5 in Spellcasting
  3802 | D:4      | Reached skill level 5 in Poison Magic
  3926 | D:4      | Reached skill level 1 in Short Blades
  4151 | D:5      | Entered Level 5 of the Dungeon
  4156 | D:5      | Reached XP level 7. HP: 38/38 MP: 13/17
  4171 | D:5      | Reached skill level 6 in Spellcasting
  4653 | D:6      | Reached skill level 1 in Maces & Flails
  4781 | D:6      | Found a staircase to the Ecumenical Temple.
  4954 | D:6      | Reached XP level 8. HP: 41/44 MP: 4/19
  5760 | D:7      | Noticed Prince Ribbit
  5775 | D:7      | Killed Prince Ribbit
  5775 | D:7      | Reached skill level 7 in Spellcasting
  5878 | D:7      | Learned a level 5 spell: Venom Bolt
  5886 | D:7      | Reached skill level 5 in Stealth
  6012 | D:7      | Found an ornate altar of the Wu Jian Council.
  6482 | Temple   | Entered the Ecumenical Temple
  6490 | Temple   | Became a worshipper of Vehumet
  6589 | D:8      | Reached XP level 9. HP: 49/49 MP: 16/22
  6597 | D:8      | Got a bloodstained leather armour
  6608 | D:8      | Identified the cursed +1 leather armour "Jemp" {rN+} (You
                  | found it on level 8 of the Dungeon)
  6645 | D:8      | Noticed Gastronok
  6931 | D:8      | Reached skill level 8 in Spellcasting
  7073 | D:8      | Reached * piety under Vehumet
  7073 | D:8      | Offered knowledge of Sandblast by Vehumet.
  7076 | D:8      | Learned a level 1 spell: Sandblast
  8203 | D:8      | Reached skill level 9 in Spellcasting
  8424 | D:8      | Reached skill level 1 in Armour
  8424 | D:8      | Noticed Grum
  8560 | D:8      | Killed Grum
  8560 | D:8      | Reached XP level 10. HP: 56/56 MP: 6/25
  8568 | D:8      | Offered knowledge of Freeze by Vehumet.
  8568 | D:8      | Reached skill level 1 in Earth Magic
  8572 | D:8      | Killed Gastronok
  8572 | D:8      | Reached ** piety under Vehumet
  8572 | D:8      | Reached skill level 10 in Spellcasting
  8862 | D:9      | Reached skill level 11 in Spellcasting
  9039 | D:9      | Found a runed translucent door.
  9041 | D:9      | Noticed diana's ghost (journeyman MiBe)
  9041 | D:9      | Identified the +9 spear "Axzoemoe" {flame, rElec Int+5}
  9064 | D:9      | Noticed a two-headed ogre
  9137 | D:9      | Learned a level 3 spell: Confuse
  9163 | D:9      | Killed a two-headed ogre
  9246 | D:9      | Reached skill level 12 in Spellcasting
  9403 | D:9      | Reached XP level 11. HP: 60/60 MP: 21/29
  9508 | D:9      | Paralysed by a kobold for 7 turns
  9617 | D:9      | Offered knowledge of Ignite Poison by Vehumet.
  9639 | D:9      | Learned a level 3 spell: Ignite Poison
  9709 | D:9      | Found a stormy altar of Qazlal.
  9726 | D:9      | Noticed a white ugly thing
  9730 | D:9      | Killed a white ugly thing
  9730 | D:9      | Reached skill level 5 in Maces & Flails
  9730 | D:9      | Reached skill level 1 in Hexes
  9903 | D:9      | Reached *** piety under Vehumet
 10166 | D:10     | Entered Level 10 of the Dungeon
 10168 | D:10     | Got a pair of polished gloves
 10185 | D:10     | Identified the +2 pair of gloves of Kaeqesith {+Inv Str+7}
                  | (You found it on level 10 of the Dungeon)
 10193 | D:10     | Noticed a two-headed ogre
 10199 | D:10     | Killed a two-headed ogre
 10211 | D:10     | Reached skill level 1 in Fire Magic
 10211 | D:10     | Offered knowledge of Stone Arrow by Vehumet.
 10216 | D:10     | Found a staircase to the Lair.
 10379 | D:10     | Reached skill level 13 in Spellcasting
 10471 | D:10     | Found a shimmering altar of Xom.
 10477 | D:10     | Found a staircase to the Orcish Mines.
 10487 | D:10     | Reached skill level 5 in Dodging
 10493 | D:10     | Reached skill level 10 in Poison Magic
 10581 | D:10     | Found a roughly hewn altar of Beogh.
 10583 | D:10     | Reached **** piety under Vehumet
 11219 | D:11     | Reached skill level 1 in Transmutations
 11603 | D:11     | Offered knowledge of Lightning Bolt by Vehumet.
 11607 | D:11     | Reached XP level 12. HP: 65/66 MP: 17/31
 11892 | D:11     | Reached skill level 14 in Spellcasting
 11896 | D:11     | Identified the cursed +1 mace of Exchange {pain, SInv}
 12121 | D:11     | Learned a level 5 spell: Lightning Bolt
 12260 | D:11     | Noticed a minotaur
 12265 | D:11     | Killed a minotaur
 12276 | D:11     | Reached skill level 1 in Evocations
 12500 | D:11     | Noticed a minotaur
 12509 | D:11     | Killed a minotaur
 12858 | D:11     | Noticed a death yak
 12859 | D:11     | Noticed a death yak
 12862 | D:11     | Killed a death yak
 12862 | D:11     | Noticed a death yak
 12865 | D:11     | Noticed a death yak
 12869 | D:11     | Killed a death yak
 12869 | D:11     | Reached skill level 15 in Spellcasting
 12871 | D:11     | Killed a death yak
 12884 | D:11     | Killed a death yak
 13418 | D:11     | Gained mutation: You are partially covered in slimy green
                  | scales. (AC +2) [potion of mutation]
 13418 | D:11     | Gained mutation: You are frail. (-10% HP) [potion of
                  | mutation]
 13418 | D:11     | Gained mutation: You are dopey. (Int -2) [potion of
                  | mutation]
 13418 | D:11     | Gained mutation: You expend magic power (3 MP) to
                  | strengthen your wands. [potion of mutation]
 13419 | D:11     | Lost mutation: You are partially covered in slimy green
                  | scales. (AC +2) [potion of mutation]
 13419 | D:11     | Lost mutation: You are dopey. (Int -2) [potion of mutation]
 13419 | D:11     | Gained mutation: Potions are less effective at restoring
                  | your health. [potion of mutation]
 13419 | D:11     | Gained mutation: You are resistant to electric shocks.
                  | (rElec) [potion of mutation]
 13419 | D:11     | Gained mutation: Your magical capacity is low. (-10% MP)
                  | [potion of mutation]
 13419 | D:11     | Gained mutation: You are agile. (Dex +2) [potion of
                  | mutation]
 13532 | Lair:1   | Entered Level 1 of the Lair of Beasts
 13540 | Lair:1   | Noticed a seven-headed hydra
 13671 | Lair:1   | Killed a seven-headed hydra
 13905 | Lair:1   | Reached ***** piety under Vehumet
 14221 | Lair:1   | Offered knowledge of Irradiate by Vehumet.
 14231 | Lair:1   | Learned a level 5 spell: Irradiate
 14259 | Lair:1   | Reached skill level 5 in Air Magic
 14259 | Lair:1   | Reached XP level 13. HP: 62/63 MP: 31/31
 14683 | Lair:1   | Got an ichor-stained hand axe
 14686 | Lair:1   | Identified the +7 hand axe of Hospitality {speed, *Rage
                  | +Rage rPois Dex-3} (You found it on level 1 of the Lair of
                  | Beasts)
 15428 | Lair:2   | Reached skill level 5 in Fire Magic
 15540 | Lair:2   | Reached skill level 5 in Conjurations
 15702 | Lair:2   | Reached skill level 16 in Spellcasting
 16812 | Lair:3   | Found a staircase to the Swamp.
 17402 | Lair:4   | Found a hole to the Spider Nest.
 17927 | Lair:4   | Identified the Volume of Confrontation and Hexes
 18229 | Lair:5   | Found a gate leading to a gauntlet.
 18253 | Gauntlet | Entered a Gauntlet
 18253 | Gauntlet | Found a transporter.
 18262 | Gauntlet | Found a transporter.
 18266 | Gauntlet | Found a transporter.
 18267 | Gauntlet | Found a transporter.
 18275 | Gauntlet | Found a transporter.
 18275 | Gauntlet | Found a transporter.
 18275 | Gauntlet | Noticed a blizzard demon
 18276 | Gauntlet | Found a transporter.
 18276 | Gauntlet | Noticed a blizzard demon
 18282 | Gauntlet | Found a transporter.
 18341 | Gauntlet | Found a runed translucent door.
 18343 | Gauntlet | Found a transporter.
 18345 | Gauntlet | Found a runed translucent door.
 18355 | Gauntlet | Found a transporter.
 18356 | Gauntlet | Found the cursed necklace of Bloodlust {*Rage +Rage MR++
                  | Int-3 Slay+6 *Curse}
 18359 | Gauntlet | Found a transporter.
 18369 | Gauntlet | Found a transporter.
 18438 | Gauntlet | Got a shimmering lapis lazuli ring
 18444 | Gauntlet | Got a jewelled ring mail
 18451 | Gauntlet | Identified the ring of Yfaez {Fire MR++ MP+9 Str+2} (You
                  | found it in a Gauntlet)
 18552 | Gauntlet | Identified the +3 ring mail "Ulisest" {rPois Str+2 Int+4}
                  | (You found it in a Gauntlet)
 18567 | Gauntlet | Identified the +7 war axe "Cyulophio" {speed, rC- Str+6}
 18567 | Gauntlet | Noticed a minotaur
 18571 | Gauntlet | Killed a minotaur
 18571 | Gauntlet | Reached XP level 14. HP: 38/68 MP: 32/33
 18629 | Gauntlet | Learned a level 2 spell: Blink
 19086 | Lair:6   | Entered Level 6 of the Lair of Beasts
 19119 | Lair:6   | Reached skill level 17 in Spellcasting
 19710 | Lair:6   | Noticed Sonja
 19714 | Lair:6   | Killed Sonja
 19719 | Lair:6   | Reached skill level 5 in Transmutations
 19817 | Lair:6   | Reached skill level 1 in Staves
 19822 | Lair:6   | Offered knowledge of Freezing Cloud by Vehumet.
 19973 | Lair:6   | Noticed Josephine
 19980 | Lair:6   | Killed Josephine
 20111 | Lair:6   | Found a viscous altar of Jiyva.
 20111 | Lair:6   | Found a staircase to the Slime Pits.
 20541 | Orc:1    | Entered Level 1 of the Orcish Mines
 20763 | Orc:2    | Entered Level 2 of the Orcish Mines
 20789 | Orc:2    | Learned a level 6 spell: Freezing Cloud
 21201 | Orc:2    | Found a roughly hewn altar of Beogh.
 21221 | Orc:2    | Found Usahoweo's Antique Armour Shoppe.
 21290 | Orc:2    | Found a staircase to the Elven Halls.
 21467 | Orc:2    | Noticed Snorg
 21475 | Orc:2    | Killed Snorg
 21481 | Orc:2    | Found a roughly hewn altar of Beogh.
 21520 | Orc:2    | Found Quw Leaf's Jewellery Shoppe.
 21787 | Orc:2    | Reached ****** piety under Vehumet
 21788 | Orc:2    | Noticed Saint Roka
 21797 | Orc:2    | Killed Saint Roka
 21797 | Orc:2    | Reached skill level 18 in Spellcasting
 21904 | Orc:2    | Found a roughly hewn altar of Beogh.
 22074 | Orc:2    | Found Tuizaist's Antique Armour Shoppe.
 22075 | Orc:2    | Found a roughly hewn altar of Beogh.
 22078 | Orc:2    | Found Fughesac's Antique Weapon Emporium.
 22089 | Orc:2    | Bought a bloodstained mace for 264 gold pieces
 22089 | Orc:2    | Identified the +7 mace "Imueq" {crush, Int+6} (You bought
                  | it in a shop on level 2 of the Orcish Mines)
 22096 | Orc:2    | Bought a faintly glowing chain mail for 152 gold pieces
 22096 | Orc:2    | Identified the cursed +0 chain mail of an ice cave {rC++
                  | rCorr Dex+2} (You bought it in a shop on level 2 of the
                  | Orcish Mines)
 22121 | Orc:2    | Found a roughly hewn altar of Beogh.
 22303 | D:12     | Reached skill level 5 in Evocations
 22463 | D:12     | Offered knowledge of Bolt of Draining by Vehumet.
 22859 | D:12     | Noticed Nessos
 22909 | D:12     | Killed Nessos
 22909 | D:12     | Reached XP level 15. HP: 70/72 MP: 21/35
 23498 | D:13     | Noticed Azrael
 23502 | D:13     | Killed Azrael
 24042 | D:13     | Identified a scroll of acquirement
 24082 | D:13     | Learned a level 3 spell: Regeneration
 24100 | D:13     | Learned a level 6 spell: Deflect Missiles
 24283 | D:13     | Reached skill level 1 in Charms
 24374 | D:13     | Found a gate to the Vaults.
 24947 | D:14     | Found the +7 longbow "Piercer" {penet, EV-2}
 24957 | D:14     | Found a sacrificial altar of Ru.
 25197 | D:14     | Noticed Roxanne
 26248 | D:14     | Got a fine dagger
 26249 | D:14     | Identified the +9 dagger of Siammao {pierce, rElec rC+
                  | Str+2 Int-5} (You found it on level 14 of the Dungeon)
 26441 | D:14     | Killed Roxanne
 26537 | D:15     | Entered Level 15 of the Dungeon
 26590 | D:15     | Offered knowledge of Orb of Destruction by Vehumet.
 26673 | D:15     | Reached skill level 19 in Spellcasting
 26756 | D:15     | Identified the +7 crystal plate armour "Kainysim" {MR+
                  | Int+7 Dex-3} (You found it on level 15 of the Dungeon)
 26854 | D:15     | Got a translucent leather armour
 26865 | D:15     | Identified the cursed +1 leather armour of the Stars {rCorr
                  | Dex+3} (You found it on level 15 of the Dungeon)
 27295 | D:15     | Found a staircase to the Depths.
 27702 | D:15     | Reached skill level 5 in Charms
 27702 | D:15     | Reached XP level 16. HP: 77/77 MP: 37/37
 28076 | Spider:1 | Entered Level 1 of the Spider Nest
 28094 | Spider:1 | Noticed Rupert
 28105 | Spider:1 | Killed Rupert
 28424 | Spider:1 | Offered knowledge of Conjure Ball Lightning by Vehumet.
 28471 | Spider:1 | Got a scintillating steel amulet
 28473 | Spider:1 | Identified the amulet of Lady Luck {Faith Str+7 Int+4
                  | Slay+2} (You acquired it on level 1 of the Spider Nest)
 29467 | Spider:2 | Reached skill level 15 in Poison Magic
 29630 | Spider:2 | Offered knowledge of Ozocubu's Refrigeration by Vehumet.
 30451 | Spider:3 | Noticed Arachne
 30601 | Spider:3 | Killed Arachne
 30601 | Spider:3 | Reached skill level 1 in Shields
 30930 | Spider:3 | Offered knowledge of Bolt of Cold by Vehumet.
 30931 | Spider:3 | Reached skill level 20 in Spellcasting
 31456 | Spider:4 | Entered Level 4 of the Spider Nest
 31553 | Spider:4 | Reached XP level 17. HP: 77/81 MP: 30/39
 31754 | Spider:4 | Paralysed by a hornet for 2 turns
 33495 | Spider:4 | Got a gossamer rune of Zot
 33709 | Swamp:1  | Entered Level 1 of the Swamp
 33761 | Swamp:1  | Reached skill level 10 in Evocations
 34166 | Swamp:1  | Noticed Kirke
 34178 | Swamp:1  | Killed Kirke
 34530 | Swamp:2  | Learned a level 5 spell: Fireball
 34752 | Swamp:2  | You fall through a shaft!
 34768 | Swamp:3  | Reached skill level 1 in Necromancy
 35357 | Swamp:3  | HP: 1/81 [shambling mangrove (11)]
 35582 | D:9      | Killed diana's ghost
 35689 | D:9      | Learned a level 5 spell: Yara's Violent Unravelling
 35763 | Orc:2    | Bought an uncursed ring of protection from cold for 375
                  | gold pieces
 35820 | Elf:1    | Entered Level 1 of the Elven Halls
 36041 | Elf:1    | Offered knowledge of Fire Storm by Vehumet.
 36041 | Elf:1    | Offered knowledge of Chain Lightning by Vehumet.
 36041 | Elf:1    | Offered knowledge of Tornado by Vehumet.
 36345 | Elf:1    | Reached skill level 21 in Spellcasting
 36345 | Elf:1    | Reached XP level 18. HP: 86/86 MP: 40/40
 36631 | Elf:1    | Identified Edyjued's Disquisition on Sinister Arts
 36670 | Elf:1    | Found Arpheppy's Book Emporium.
 36738 | Elf:1    | Learned a level 6 spell: Iron Shot
 37197 | Elf:2    | Reached skill level 5 in Shields
 37479 | Elf:2    | Found a large runed translucent door.
 37479 | Elf:2    | Found a large runed translucent door.
 37483 | Elf:2    | Noticed whitenoisemaker's ghost (adept DrCj)
 37548 | Elf:2    | Found a huge runed translucent gate.
 37548 | Elf:2    | Found a huge runed translucent gate.
 37549 | Elf:2    | Found a huge runed translucent gate.
 37549 | Elf:2    | Found a huge runed translucent gate.
 37549 | Elf:2    | Found a huge runed translucent gate.
 38329 | Elf:2    | Reached skill level 5 in Earth Magic
 38329 | Elf:2    | Noticed Aizul
 38610 | Elf:2    | Killed Aizul
 38856 | Elf:3    | Entered Level 3 of the Elven Halls
 39046 | Elf:3    | Identified the cursed +0 hand axe "Ider" {chaos, +Fly rPois
                  | rC+ Dex-5} (You found it on level 3 of the Elven Halls)
 39102 | Elf:3    | Reached skill level 5 in Armour
 39209 | Elf:3    | Reached skill level 5 in Hexes
 39364 | Elf:3    | Reached skill level 10 in Air Magic
 39365 | Elf:3    | Reached XP level 19. HP: 31/90 MP: 42/42
 39676 | Elf:3    | Identified the cursed +0 plate armour of Rudaoshi {Stlth+}
 39702 | Elf:3    | Reached skill level 1 in Ice Magic
 39761 | Elf:3    | Identified the +7 morningstar of Amorality {vamp, rF- rC+++
                  | Int+4 Dex+3}
 39761 | Elf:3    | Identified the amulet "Yrphoz" {rPois Regen+}
 39901 | Elf:3    | Identified the +10 morningstar of Rifoblo {crush, +Rage
                  | MP+9 Str+2 Stlth+}
 39907 | Elf:3    | Reached skill level 22 in Spellcasting
 39923 | Elf:3    | Identified the Papyrus of the Frostbite and the Rocks
 39931 | Elf:3    | Identified the Incunabulum of Quantum Blows and Bruises
 39984 | Elf:3    | Identified the +6 dagger "Vyneres" {pierce, Int+2} (You
                  | found it on level 3 of the Elven Halls)
 40442 | Swamp:3  | Identified the +5 ring mail of Summer {Dex-3 Slay+5} (You
                  | found it on level 3 of the Swamp)
 40726 | Swamp:3  | Reached skill level 5 in Fighting
 41034 | Swamp:4  | Entered Level 4 of the Swamp
 41458 | Swamp:4  | Got a decaying rune of Zot
 42414 | Depths:1 | Entered Level 1 of the Depths
 42790 | Depths:1 | Found a one-way gate to the infinite horrors of the Abyss.
 42809 | Depths:1 | Reached XP level 20. HP: 87/95 MP: 38/44
 42826 | Depths:1 | Found a gateway to Hell.
 43056 | Depths:1 | Found Jigeg's Antique Armour Boutique.
 43063 | Depths:1 | Found Ylaun Jesin's Food Shop.
 43471 | Vaults:1 | Entered Level 1 of the Vaults
 43524 | Vaults:1 | Found Dampakeps's Antique Armour Boutique.
 43616 | Vaults:1 | Found Muor's Food Shoppe.
 44186 | Vaults:1 | Reached skill level 10 in Transmutations
 44600 | Vaults:1 | Learned a level 8 spell: Chain Lightning
 44696 | Vaults:2 | Found Poklig's Food Emporium.
 44712 | Vaults:2 | Reached skill level 23 in Spellcasting
 44893 | Vaults:2 | Reached skill level 10 in Conjurations
 45160 | Vaults:2 | Found a runed translucent gate.
 45160 | Vaults:2 | Found a runed translucent gate.
 45160 | Vaults:2 | Found a runed translucent gate.
 45160 | Vaults:2 | Noticed Kare Xaoge's ghost (adept DgTm)
 45162 | Vaults:2 | Identified the +8 great mace "Cicviru" {speed, Str+6 Int+2}
 45162 | Vaults:2 | Identified the cursed +1 chain mail of the Pirate {rPois
                  | rN+ Dex-5 Stlth+}
 45323 | Vaults:2 | Found Adujad's Antique Armour Boutique.
 45339 | Vaults:2 | Bought an ichor-stained hat for 342 gold pieces
 45358 | Vaults:2 | Identified the cursed -4 hat of the Fisher {Slay+3} (You
                  | bought it in a shop on level 2 of the Vaults)
 45554 | Vaults:2 | Found a staircase to the Crypt.
 46088 | Vaults:2 | Identified the ring of Ru's Pride {rF+ SInv}
 46091 | Vaults:2 | Found a roughly hewn altar of Beogh.
 46244 | Vaults:3 | Reached XP level 21. HP: 99/99 MP: 43/45
 46332 | Vaults:3 | Reached skill level 1 in Translocations
 46575 | Vaults:3 | Noticed Lianjan's ghost (adept GnWr)
 46583 | Vaults:3 | Found a runed translucent gate.
 46583 | Vaults:3 | Found a runed translucent gate.
 46583 | Vaults:3 | Found a runed translucent gate.
 46952 | Vaults:3 | Reached skill level 10 in Fire Magic
 48748 | Vaults:4 | Found a runed translucent gate.
 48748 | Vaults:4 | Found a runed translucent gate.
 48748 | Vaults:4 | Found a runed translucent gate.
 48748 | Vaults:4 | Identified the +3 glaive of Elounn {pain, rF+}
 48748 | Vaults:4 | Identified the +3 chain mail of the Wasteland {rF++ Dex-3}
 48748 | Vaults:4 | Identified the cursed +0 shield of Impressiveness {rCorr
                  | Str+4 Int+2}
 48751 | Vaults:4 | Noticed casual's ghost (veteran MiMo)
 48770 | Vaults:4 | Found a roughly hewn altar of Beogh.
 48940 | Crypt:1  | Entered Level 1 of the Crypt
 49154 | Crypt:1  | Noticed Boris
 49171 | Crypt:1  | Killed Boris
 49171 | Crypt:1  | Reached skill level 15 in Evocations
 49246 | Crypt:1  | Noticed Jory
 49300 | Crypt:1  | Learned a level 5 spell: Dispel Undead
 49359 | Crypt:1  | HP: 1/99 [jiangshi[a vampire mage] (21)]
 49361 | Crypt:1  | Slain by a jiangshi

Skill      XL: |  1  2  3  4  5  6  7  8  9 10 11 12 13 14 15 16 17 18 19 20 21 |
---------------+----------------------------------------------------------------+-----
Poison Magic   | 4 5 6 8 9 10 12 13 14 15 16 17 | 17.7
Dodging        | 3 4 5 6 7 |  7.8
Spellcasting   | 4 5 6 7 9 12 13 15 16 18 19 20 21 22 23 | 23.9
Air Magic      | 1 2 3 4 5 6 8 10 11 12 | 12.0
Stealth        | 3 4 5 6 7 8 |  8.2
Fighting       | 1 2 3 4 5 |  5.2
Conjurations   | 2 3 4 5 6 8 9 10 11 | 11.6
Short Blades   | 1 |  1.0
Maces & Flails | 2 3 4 5 6 7 |  7.2
Armour         | 1 2 3 4 5 |  5.4
Earth Magic    | 2 3 4 5 |  5.7
Hexes          | 2 4 5 |  5.3
Fire Magic     | 3 4 5 6 7 8 9 10 | 10.1
Transmutations | 1 3 4 6 7 8 9 10 | 10.6
Evocations     | 1 5 7 8 10 11 13 15 | 15.0
Staves         | 1 |  1.2
Charms         | 5 8 9 |  9.1
Shields        | 2 4 6 7 8 9 |  9.4
Necromancy     | 1 2 3 |  3.2
Ice Magic      | 1 |  1.8
Translocations | 1 |  1.5

Action                   |  1- 3 |  4- 6 |  7- 9 | 10-12 | 13-15 | 16-18 | 19-21 || total
-------------------------+-------+-------+-------+-------+-------+-------+-------++-------
Melee: Dagger            |    22 |    43 |       |       |       |       |       ||    65
       Flail             |       |    11 |   215 |   159 |    41 |       |       ||   426
       Staff             |       |       |       |       |    86 |     5 |       ||    91
       Hand axe          |       |       |       |       |     6 |       |       ||     6
       Mace              |       |       |       |       |   124 |   154 |     1 ||   279
       Morningstar       |       |       |       |       |       |       |   200 ||   200
 Fire: Hunting sling     |     9 |       |       |       |       |       |       ||     9
 Cast: Sting             |    27 |    29 |    27 |     3 |       |       |       ||    86
       Poisonous Vapours |    18 |    33 |    31 |    25 |     7 |       |       ||   114
       Olgreb's Toxic Ra |       |     6 |    34 |    67 |   146 |   176 |   128 ||   557
       Mephitic Cloud    |       |     3 |     9 |    22 |    36 |    16 |       ||    86
       Venom Bolt        |       |       |    11 |    13 |    12 |    15 |       ||    51
       Sandblast         |       |       |     9 |    35 |    66 |    50 |       ||   160
       Confuse           |       |       |       |    18 |    34 |    16 |     2 ||    70
       Ignite Poison     |       |       |       |    79 |   220 |   300 |   209 ||   808
       Lightning Bolt    |       |       |       |     6 |    45 |    22 |    56 ||   129
       Irradiate         |       |       |       |       |    39 |    63 |    35 ||   137
       Blink             |       |       |       |       |     2 |     7 |    14 ||    23
       Freezing Cloud    |       |       |       |       |     4 |     9 |    25 ||    38
       Deflect Missiles  |       |       |       |       |     1 |     5 |     2 ||     8
       Regeneration      |       |       |       |       |       |    68 |    35 ||   103
       Fireball          |       |       |       |       |       |    17 |    78 ||    95
       Iron Shot         |       |       |       |       |       |    32 |   104 ||   136
       Yara's Violent Un |       |       |       |       |       |     3 |     8 ||    11
       Chain Lightning   |       |       |       |       |       |       |     1 ||     1
       Dispel Undead     |       |       |       |       |       |       |     3 ||     3
Evoke: Wand              |       |       |       |     3 |     6 |     2 |       ||    11
       Crystal ball of e |       |       |       |       |     1 |    61 |    68 ||   130
  Use: Scroll            |       |       |     4 |    13 |    17 |    11 |    16 ||    61
       Potion            |       |       |       |    12 |     5 |    10 |     4 ||    31
 Stab: Sleeping          |     1 |     5 |     1 |     2 |     1 |     3 |     7 ||    20
       Confused          |       |       |     5 |    10 |    18 |     6 |       ||    39
  Eat: Chunk             |     3 |     9 |    11 |    14 |    39 |    27 |    30 ||   133
       Ration            |       |       |     2 |     3 |     1 |     4 |     3 ||    13
Armor: Robe              |     3 |     7 |    68 |       |       |       |       ||    78
       Leather armour    |       |       |    21 |    73 |    46 |       |       ||   140
       Ring mail         |       |       |       |       |   143 |   251 |    85 ||   479
Dodge: Dodged            |    21 |    31 |   178 |   161 |   262 |   351 |   105 ||  1109
       Deflected         |       |       |       |       |     4 |    34 |    39 ||    77
Block: Large shield      |       |       |       |       |       |       |   497 ||   497
       Reflection        |       |       |       |       |       |       |    85 ||    85
